 Dungeon Crawl Stone Soup version 0.31-a0-426-g3a05650e59 (webtiles) character file.

Game seed: 17908503771757016906

2069582 motkuripss the Evocator (level 26, 202/202 HPs)
             Began as a Spriggan Hexslinger on July 30, 2023.
             Was a High Priest of Okawaru.
             Escaped with the Orb
             ... and 3 runes!
             The game lasted 02:54:34 (46314 turns).

motkuripss the Evocator (Spriggan Hexslinger)      Turns: 46314, Time: 02:54:35

Health: 202/202    AC: 29    Str:  7    XL:     26   Next: 32%
Magic:  36/36      EV: 50    Int: 15    God:    Okawaru [*****.]
Gold:   3492       SH:  0    Dex: 27    Spells: 32/41 levels left

rFire   . . .        S - +6 arbalest "Damnation" {damnation}
rCold   . . .        (shield currently unavailable)
rNeg    + . .        s - melded +1 robe {rC+ rF+}
rPois   ∞            Z - +2 hat
rElec   +            a - scarf of Life {repulsion, Regen+ SInv}
rCorr   .            (gloves unavailable)
SInv    +            (boots unavailable)
Will    ++++.        k - amulet "Nuid" {Spirit Fly rElec Slay+3}
Stlth   ++           U - ring "Dususasch" {rC+ EV+5 Str+3}
HPRegen 1.33/turn    r - +4 ring of slaying
MPRegen 0.25/turn

%: repel missiles, guardian spirit
@: statue-form, flying, hasted, quick
A: slow and powerful, torment resistance 1, boosted hp, very small, no large
weapons, unfitting armour, see invisible, (speed 3), dopey 1, cold vulnerability
1
0: Orb of Zot
}: 3/15 runes: decaying, serpentine, abyssal
a: Begin Untransformation, Renounce Religion, Heroism, Finesse, Duel


You escaped.
You worshipped Okawaru.
Okawaru was extremely pleased with you.
You were a living statue of rough stone.
You visited 9 branches of the dungeon, and saw 44 of its levels.
You visited the Abyss 1 time.
You also visited: Gauntlet, Ice Cave and Wizlab.

You collected 9397 gold pieces.
You spent 5905 gold pieces at shops.

Inventory:

Hand Weapons
 i - the +12 arbalest of Cexurifa {penet, rN+++}
   (You found it on level 1 of the Vaults)

   rN:        It renders you almost immune to negative energy.
 F - a +7 hand crossbow of freezing
 N - the +4 hand crossbow "Sahuriz" {flame, rN+}
   (Okawaru gifted it to you on level 1 of the Swamp)

   rN:        It protects you from negative energy.
 S - the +6 arbalest "Damnation" (weapon) {damnation}
   (You found it on level 1 of the Vaults)
Armour
 a - the scarf of Life (worn) {repulsion, Regen+ SInv}
   (Okawaru gifted it to you on level 13 of the Dungeon)

   SInv:      It lets you see invisible.
   Regen:     It increases your rate of health regeneration.
 n - a +1 robe of fire resistance
 s - a +1 robe of resistance (melded)
 G - a +1 robe of positive energy
 Q - quicksilver dragon scales
 Y - the +0 buckler "Tysugres" {rC+ Int-2 Dex+4 Slay+3}
   (Okawaru gifted it to you on level 4 of the Lair of Beasts)

   Int:       It affects your intelligence (-2).
   Dex:       It affects your dexterity (+4).
   Slay:      It affects your accuracy & damage with ranged weapons and melee
   (+3).
   rC:        It protects you from cold.
 Z - a +2 hat (worn)
Jewellery
 g - the ring "Acojidgh" {rElec rCorr Int+3}
   (You acquired it on level 9 of the Dungeon)

   [ring of resist corrosion]

   Int:       It affects your intelligence (+3).
   rElec:     It insulates you from electricity.
   rCorr:     It protects you from acid and corrosion.
 k - the amulet "Nuid" (around neck) {Spirit Fly rElec Slay+3}
   (You bought it in a shop on level 2 of the Vaults)

   [amulet of guardian spirit]

   It causes incoming damage to be divided between your reserves of health and
   magic.
   Slay:      It affects your accuracy & damage with ranged weapons and melee
   (+3).
   rElec:     It insulates you from electricity.
   Fly:       It grants you flight.
 o - a +6 ring of dexterity
 r - a +4 ring of slaying (right fist)
 w - a ring of fire
 E - a ring of protection from cold
 K - a +4 ring of protection
 U - the ring "Dususasch" (left fist) {rC+ EV+5 Str+3}
   (You acquired it in a wizard's laboratory)

   [ring of evasion]

   EV:        It affects your evasion (+5).
   Str:       It affects your strength (+3).
   rC:        It protects you from cold.
 W - the ring "Odukhlougo" {rN++ rCorr MP-9 Str+2 Int+6}
   (You acquired it on level 3 of the Swamp)

   [ring of intelligence]

   Str:       It affects your strength (+2).
   Int:       It affects your intelligence (+6).
   rN:        It greatly protects you from negative energy.
   MP:        It affects your magic capacity (-9).
   rCorr:     It protects you from acid and corrosion.
Talismans
 d - a granite talisman (active)
Wands
 p - a wand of paralysis (23)
 y - a wand of iceblast (25)
 L - a wand of digging (15)
 V - a wand of quicksilver (19)
Scrolls
 e - 14 scrolls of teleportation
 f - 5 scrolls of fog
 j - 4 scrolls of immolation
 t - 6 scrolls of enchant armour
 C - a scroll of silence
 D - 8 scrolls of poison
 H - a scroll of revelation
 I - 5 scrolls of brand weapon
 O - 8 scrolls of fear
 R - 6 scrolls of amnesia
 T - 2 scrolls of enchant weapon
Potions
 b - 5 potions of invisibility
 h - 9 potions of haste
 l - 4 potions of cancellation
 m - 10 potions of enlightenment
 q - 8 potions of brilliance
 u - 13 potions of curing
 z - 4 potions of berserk rage
 A - 2 potions of magic
 B - 11 potions of heal wounds
 J - 5 potions of resistance
 P - 6 potions of might
 X - a potion of ambrosia
Miscellaneous
 c - a condenser vane
 v - a piece from Xom's chessboard (15/15)
 x - a phial of floods
 M - a lightning rod (4/4)


   Skills:
 - Level 22.0 Fighting
 - Level 22.0 Ranged Weapons
 - Level 22.0 Dodging
 - Level 14.0 Stealth
 - Level 6.0 Shields
 - Level 8.0 Spellcasting
 - Level 5.0 Hexes
 - Level 4.0 Translocations
 - Level 3.0 Transmutations
 - Level 14.0 Invocations
 + Level 23.3 Evocations
 - Level 15.0 Shapeshifting


You had 32 spell levels left.
You knew the following spells:

 Your Spells              Type           Power      Damage    Failure   Level
a - Slow                  Hex            84%        N/A       1%          1
b - Portal Projectile     Hex/Tloc       38%        N/A       5%          3
c - Wereblood             Tmut           15%        N/A       5%          2
d - Inner Flame           Hex/Fire       13%        N/A       13%         3

Your spell library contained the following spells:

 Spells                   Type           Power      Damage    Failure   Level
 Apportation              Tloc           36%        N/A       2%          1
 Ensorcelled Hibernation  Hex/Ice        26%        N/A       6%          2
 Gell's Gravitas          Tloc           18%        N/A       7%          3
 Teleport Other           Tloc           18%        N/A       7%          3
 Passwall                 Tmut/Erth      8%         N/A       10%         2
 Freeze                   Ice            24%        1d4       12%         1
 Magic Dart               Conj           24%        1d4       12%         1
 Necrotise                Necr           24%        1d5       12%         1
 Dazzling Flash           Conj/Hex       26%        N/A       13%         3
 Vhi's Electric Charge    Tloc/Air       24%        N/A       16%         3
 Cause Fear               Hex            10%        N/A       16%         4
 Cigotuvi's Dreadful Rot  Necr/Pois/Air  12%        N/A       19%         2
 Searing Ray              Conj           12%        2d4       19%         2
 Static Discharge         Conj/Air       12%        2-3/arc   19%         2
 Frozen Ramparts          Ice            12%        1d2       34%         3
 Hailstorm                Conj/Ice       6%         3d4       34%         3
 Ozocubu's Armour         Ice            6%         N/A       34%         3
 Stone Arrow              Conj/Erth      12%        3d7       34%         3
 Swiftness                Air            6%         N/A       34%         3
 Fulminant Prism          Conj/Hex       6%         3d7       38%         4
 Leda's Liquefaction      Hex/Erth       6%         N/A       38%         4
 Airstrike                Air            3%         2d(1-17)  75%         4
 Dispel Undead            Necr           6%         3d8       75%         4
 Flame Wave               Conj/Fire      6%         2d5       75%         4
 Sticky Flame             Conj/Fire      6%         2d3       75%         4
 Metabolic Englaciation   Hex/Ice        6%         N/A       75%         5
 Silence                  Hex/Air        6%         N/A       75%         5
 Irradiate                Conj/Tmut      5%         3d13      87%         5
 Agony                    Necr           6%         N/A       97%         5
 Arcjolt                  Conj/Air       3%         1d13      97%         5
 Fireball                 Conj/Fire      3%         3d4       97%         5
 Iskenderun's Battlesphe  Conj           6%         2d6       97%         5
 Dispersal                Tloc           9%         N/A       98%         6
 Conjure Ball Lightning   Conj/Air       3%         3x3d6     100%        6
 Plasma Beam              Fire/Air       3%         2x1d13    100%        6
 Orb of Destruction       Conj           3%         9d5       100%        7
 Ozocubu's Refrigeration  Ice            3%         4d8       100%        7
 Lehudib's Crystal Spear  Conj/Erth      3%         10d2      100%        8
 Polar Vortex             Ice            3%         N/A       100%        9
 Summon Small Mammal      Summ           Unusable   N/A       N/A         1
 Summon Guardian Golem    Hex/Summ       Unusable   N/A       N/A         3
 Call Canine Familiar     Summ           Unusable   N/A       N/A         3
 Animate Armour           Summ/Erth      Unusable   N/A       N/A         4
 Summon Ice Beast         Ice/Summ       Unusable   N/A       N/A         4
 Summon Lightning Spire   Summ/Air       Unusable   N/A       N/A         4
 Death Channel            Necr           Unusable   N/A       N/A         6
 Simulacrum               Ice/Necr       Unusable   N/A       N/A         6
 Malign Gateway           Summ/Tloc      Unusable   N/A       N/A         7
 Summon Horrible Things   Summ           Unusable   N/A       N/A         8

Dungeon Overview and Level Annotations

Branches:
Dungeon (15/15)            Temple (1/1) D:7            Lair (5/5) D:9
  Swamp (4/4) Lair:3        Snake (4/4) Lair:2        Slime (0/5) Lair:5
    Orc (2/2) D:12            Elf (0/3) Orc:2        Vaults (4/5) D:13
  Crypt (0/3) Vaults:3     Depths (4/4) D:15            Zot (5/5) Depths:4
  IceCv (visited)          WizLab (visited)         Gauntlet (visited)

Altars:
Ashenzari
Cheibriados
Dithmenos
Elyvilon
Fedhas
Gozag
Hepliaklqana
Kikubaaqudgha
Makhleb
Nemelex Xobeh
Okawaru
Qazlal
Ru
Sif Muna
Trog
Uskayaw
Vehumet
Wu Jian
Xom
Yredelemnul
Zin
The Shining One
Jiyva

Shops:
D:3 [!*(   D:12 !   D:13 !   Orc:2 ?:=[:   Snake:4 *   Vaults:2 (=   Depths:2 !

Portals:
Hell: Depths:1 Depths:2 Depths:3 Depths:4
Abyss: Depths:3 Depths:4
Pandemonium: Depths:2
Ziggurat: Depths:4

Annotations:
D:1 exclusion: downstairs
D:3 1 runed translucent door, exclusion: 2 downstairs, Crazy Yiuf
D:4 2 transporters, TobyConnect's ghost, amateur DsSh
D:5 2 transporters, exclusion: downstairs
D:6 1 runed translucent door, exclusion: downstairs
D:11 exclusion: downstairs
Lair:3 exclusion: downstairs
Lair:4 exclusion: downstairs
Depths:1 exclusions: hell hog, 2 hell knights and 1 more exclusion
Depths:3 3 transporters
Zot:2 Josephina
Zot:3 1 exclusion


Innate Abilities, Weirdness & Mutations

You are a living statue of rough stone.
Your actions are slow, but your melee attacks are powerful.
You are resistant to unholy torment.
Your maximum health is greatly increased.
Your equipment is partially melded.
You are very small and have problems with some larger weapons.
You are too small for most types of armour.
You are immune to poison.
You have supernaturally acute eyesight. (SInv)
((You cover ground extremely quickly. (Speed+++)))
You are dopey. (Int -2)
You are vulnerable to cold. (rC-)


Message History

An Orb Guardian comes into view.
You shoot a damnation bolt.
The damnation bolt closely misses the Orb Guardian.
You shoot a damnation bolt.
The damnation bolt hits the Orb Guardian!!
The Orb Guardian is moderately wounded.
The damnation bolt explodes!
The damnation engulfs the Orb Guardian!
The Orb Guardian is heavily wounded.
You shoot a damnation bolt.
The damnation bolt hits the Orb Guardian but does no damage.
The Orb Guardian is heavily wounded.
The damnation bolt explodes!
The damnation engulfs the Orb Guardian.
The Orb Guardian is heavily wounded.
You shoot a damnation bolt.
The damnation bolt hits the Orb Guardian!
The Orb Guardian is severely wounded.
The damnation bolt explodes!
The damnation engulfs the Orb Guardian!!
The Orb Guardian is almost dead.
The Orb Guardian completely misses you. The Orb Guardian closely misses you.
You shoot a damnation bolt.
The damnation bolt hits the Orb Guardian!!
You kill the Orb Guardian!
Okawaru accepts your kill.
The damnation bolt explodes!
A lorocyproca comes into view.
The lorocyproca moves out of view.
An Orb Guardian comes into view.
The Orb Guardian moves out of view.
The lorocyproca attacks as you move away!
The lorocyproca completely misses you.
The lorocyproca attacks as you move away!
The lorocyproca barely misses you. The lorocyproca completely misses you.
You feel yourself speed up. The lorocyproca completely misses you.
The lorocyproca attacks as you move away!
The lorocyproca misses you.
The lorocyproca attacks as you move away!
The lorocyproca misses you.
There is a staircase leading out of the dungeon here.
You have escaped!

...# ##'####
#.#...#.##.#...#.. ...#
#.....# #.###..##.##......
...# #.....#
##..###.#.#..#...# ...#
#.....# #..#.###..#...#..#
...# #.....#
#.##...#.#..#..##. ...#
#.....# #..####.##..##.##.
#### ##'####
###..#..#.#..#..#. #.#
#.2##.X##..#...#.# #.##
#8#.2#..X##.#....#
#..#######################
##.....###################
#####....................
#####################


You could see a lorocyproca (invisible).

Vanquished Creatures
  2 ancient liches (Zot:5)
  4 orbs of fire (Zot:5)
  Mara (Depths:1)
  Vv (Depths:2)
  Vashnia (Snake:4)
  3 Killer Klowns
  A curse toe (Zot:2)
  4 caustic shrikes
  5 golden dragons
  A bone dragon (Abyss:3)
  A profane servitor (Zot:5)
  Nikola (Snake:4)
  Jory (Vaults:4)
  3 Tzitzimimeh
  2 electric golems (Zot:5)
  Jorgrun (Snake:3)
  4 Ice Fiends
  A Hell Sentinel (Abyss:1)
  33 Orb Guardians
  9 tentacled monstrosities
  Zenata (Vaults:4)
  3 liches
  3 quicksilver dragons
  2 titans
  The ghost of floatRand the Brawler, an adept DrSh of Wu Jian (Snake:4)
  3 Executioners
  2 death cobs
  12 tentacled starspawn
  A thorn hunter (Swamp:3)
  4 sphinxes
  6 shadow dragons
  3 draconian monks
  Donald (Swamp:2)
  2 tengu reavers
  Aizul (Swamp:4)
  7 nagarajas
  11 storm dragons
  Roxanne (D:14)
  A fenstrider witch (Swamp:3)
  11 vault wardens
  A deep elf sorcerer (WizLab)
  5 fire giants
  2 frost giants
  4 draconian scorchers
  4 ghost moths
  A curse skull (Vaults:3)
  5 balrugs
  A demonspawn blood saint (Zot:5)
  2 demonspawn corrupters (WizLab)
  3 draconian shifters
  2 orc warlords
  A spriggan defender (Depths:2)
  A cacodemon (Abyss:3)
  4 draconian stormcallers
  9 ironbound preservers
  A caustic shrike skeleton (Abyss:3)
  A war gargoyle (Vaults:4)
  6 draconian annihilators
  7 stone giants
  2 formless jellyfish (Vaults:4)
  15 very ugly things
  6 ironbound thunderhulks
  2 vampire knights (Depths:4)
  10 eleionomae
  A deep elf demonologist (Abyss:3)
  5 dire elephants
  8 green draconians
  6 white draconians
  9 black draconians
  3 lorocyprocas
  4 spark wasps (Depths:2)
  5 red draconians
  A minotaur (Gauntlet)
  The ghost of Enogimy the Spry, a journeyman SpHu of Okawaru (Swamp:1)
  3 purple draconians
  4 yellow draconians
  5 bunyips
  An eidolon (Abyss:1)
  3 green deaths
  A deep elf death mage (Vaults:3)
  2 shambling mangroves
  9 ettins
  2 crystal guardians
  2 jiangshi (Depths:4)
  8 yaktaur captains
  A deep elf high priest (WizLab)
  2 great orbs of eyes
  6 fire dragons
  An entropy weaver (Vaults:3)
  5 salamander tyrants
  3 rakshasas
  3 peacekeepers
  6 vault guards
  2 caustic shrike simulacra (IceCv)
  2 ghost crabs (Swamp:4)
  16 hydras
  An elf skeleton (Abyss:3)
  10 ice dragons
  Erolcha (Orc:1)
  4 ogre magi (Orc:2)
  A death knight (D:15)
  9 alligators
  4 catoblepae
  10 ironbound frosthearts
  7 centaur warriors
  18 two-headed ogres
  4 spriggan air magi
  14 anacondas
  6 boulder beetles
  A two-headed ogre (shapeshifter) (Depths:4)
  9 deep troll shamans
  5 hell hogs (Depths:1)
  3 spriggan berserkers
  A vampire mage (Depths:4)
  16 naga warriors
  3 deep troll earth magi
  11 naga sharpshooters
  3 tengu warriors
  6 death yaks (Lair:5)
  Urug (Lair:5)
  14 hell knights
  8 thrashing horrors
  6 shock serpents
  Sonja (Lair:3)
  A demonic crawler (Abyss:3)
  Amaemon (Lair:1)
  A soul eater (Depths:1)
  12 sun demons
  9 wretched stars
  11 spriggans
  6 sixfirhies
  4 iron trolls
  A skyshark (Lair:3)
  8 skeletal warriors
  5 salamander mystics
  7 spatial maelstroms
  4 goliath frogs
  12 sea snakes
  8 spriggan druids
  11 swamp dragons
  38 deep trolls
  A bunyip zombie (Abyss:1)
  A flayed ghost (Abyss:3)
  5 naga ritualists
  3 lindwurms (Vaults:1)
  10 bog bodies
  3 shadow demons
  28 starcursed masses
  12 ironbound convokers
  11 wizards
  8 glowing orange brains
  5 deep elf pyromancers
  12 mana vipers
  3 obsidian statues
  An anaconda skeleton (Abyss:3)
  4 orc knights
  A phantasmal warrior (Abyss:3)
  11 harpies
  5 necromancers
  A deep elf zephyrmancer (WizLab)
  An iron dragon zombie (Abyss:3)
  2 orc sorcerers
  A cyclops (shapeshifter) (Abyss:3)
  7 worldbinders
  48 ugly things
  5 manticores
  5 will-o-the-wisps
  4 cyclopes
  27 salamanders
  13 elephants (Lair:5)
  12 moths of wrath
  An apocalypse crab (Abyss:3)
  20 black mambas
  2 centaur zombies (D:15)
  6 guardian serpents
  An ice statue (Gauntlet)
  A rust devil (Abyss:3)
  19 naga magi
  8 orange demons
  10 smoke demons
  2 water nymphs (WizLab)
  3 gargoyles
  9 vault sentinels
  3 centaur skeletons
  4 hellions
  7 cane toads
  3 unseen horrors
  7 komodo dragons
  A kobold demonologist (Depths:3)
  A komodo dragon (shapeshifter) (D:14)
  5 rime drakes
  2 tormentors
  4 efreet
  14 freezing wraiths
  23 yaktaurs
  2 naga skeletons
  2 tengu conjurers
  4 ice devils
  A yaktaur (shapeshifter) (D:13)
  3 red devils
  An anaconda simulacrum (IceCv)
  A golden dragon simulacrum (IceCv)
  3 meliai (D:15)
  10 ancient zymes
  8 trolls
  7 tyrant leeches
  2 bloated husks (Swamp:1)
  2 harpy zombies
  7 polar bears
  The ghost of NigelTetley the Covert, a novice SpBr of Okawaru (D:6)
  2 hellwings
  27 raiju
  24 blink frogs
  14 hornets
  4 flying skulls (Abyss:3)
  23 large abominations
  A culicivora (Vaults:3)
  2 jumping spiders (Vaults:3)
  43 slime creatures
  2 water elementals
  Sigmund (D:2)
  An air elemental (Abyss:3)
  A spriggan (shapeshifter) (Abyss:3)
  4 shadows
  2 wyverns
  8 wraiths
  A centaur simulacrum (D:15)
  8 ynoxinuls
  5 basilisks
  5 fire bats (Abyss:3)
  A yak (shapeshifter) (D:15)
  61 yaks
  Grum (D:9)
  4 neqoxecs (Abyss:3)
  2 fire elementals (Gauntlet)
  A golden eye (Abyss:1)
  2 steam dragons
  4 wargs
  4 vampire mosquitoes
  Edmund (D:5)
  A chaos spawn (Abyss:3)
  3 hydra simulacra (IceCv)
  A harpy simulacrum (D:15)
  51 nagas
  3 spatial vortices (Abyss:3)
  2 acid dragons
  11 water moccasins
  16 swamp worms
  A floating eye (shapeshifter) (WizLab)
  14 hell hounds
  Duvessa (D:5)
  5 swamp drakes
  6 ice beasts
  8 orc warriors
  5 sky beasts
  5 ettin simulacra (IceCv)
  12 black bears
  4 boggarts (Vaults:2)
  26 ogres
  25 wolves
  6 centaurs
  2 phantoms
  25 small abominations
  Blork the orc (D:5)
  12 bullfrogs
  4 kobold brigands
  3 scorpions (D:4)
  A deep troll simulacrum (IceCv)
  23 wights
  Dowan (D:5)
  13 killer bees
  12 electric eels
  2 howler monkeys (D:10)
  7 hounds
  A quasit (Abyss:1)
  A jelly (D:5)
  15 orc priests
  2 gnoll boudas
  3 iron imps (Abyss:3)
  2 sleepcaps
  Jessica (D:2)
  Ijyb (D:3)
  5 iguanas
  22 orc wizards
  Terence (D:3)
  6 hell rats (Lair:2)
  10 gnolls
  9 adders
  7 river rats
  5 white imps
  5 ufetubi
  A worm (D:4)
  2 dart slugs
  61 orcs
  8 endoplasms
  A giant cockroach (D:3)
  7 goblins
  5 hobgoblins
  3 jackals (D:1)
  19 kobolds
  2 quokkas (D:2)
  7 ball pythons
  6 bats
  3 frilled lizards (D:1)
  9 rats
  A lurking horror (Abyss:1)
  7 starspawn tentacles
1965 creatures vanquished.

Vanquished Creatures (others)
  An ancient lich (Zot:5)
  A Killer Klown (Zot:5)
  A death cob (Zot:3)
  A ghost moth (Zot:1)
  3 black draconians (Zot:1)
  A white draconian (Zot:1)
  A purple draconian (Zot:1)
  A wretched star (Abyss:1)
  A wizard (WizLab)
  3 bloated husks (Swamp:4)
  A tyrant leech (Swamp:1)
  2 raiju
  2 small abominations (Abyss:3)
  5 golden eyes (Abyss:1)
  A neqoxec (Abyss:3)
  2 nagas (Snake:4)
  A swamp worm (Swamp:4)
  A quasit (Abyss:1)
  An ufetubus (Abyss:1)
  8 foxfires
  27 starspawn tentacles
65 creatures vanquished.

Grand Total: 2030 creatures vanquished

Notes
Turn   | Place    | Note
-------+----------+-------------------------------------------
     0 | D:1      | motkuripss the Spriggan Hexslinger began the quest for the
                  | Orb.
     0 | D:1      | Reached XP level 1. HP: 9/9 MP: 3/3
   110 | D:1      | Reached XP level 2. HP: 14/14 MP: 5/5
   145 | D:1      | Reached skill level 1 in Fighting
   422 | D:1      | Reached XP level 3. HP: 12/18 MP: 5/7
  1053 | D:2      | Noticed Sigmund
  1515 | D:2      | Killed Sigmund
  1516 | D:2      | Reached XP level 4. HP: 15/23 MP: 4/8
  1516 | D:2      | Reached XP level 5. HP: 17/26 MP: 4/9
  1729 | D:2      | Noticed Jessica
  1732 | D:2      | Killed Jessica
  2003 | D:3      | Noticed an ogre
  2015 | D:3      | Killed an ogre
  2016 | D:3      | Reached XP level 6. HP: 32/32 MP: 10/10
  2037 | D:3      | Noticed Terence
  2075 | D:3      | Killed Terence
  2105 | D:3      | Found Ukiachuiw's Antique Weapon Boutique.
  2149 | D:3      | Found Hyipn's Assorted Antiques.
  2335 | D:3      | Found Jyebiq's Distillery.
  2395 | D:3      | Reached skill level 5 in Ranged Weapons
  2395 | D:3      | Reached skill level 5 in Dodging
  2534 | D:3      | Found a faded altar of an unknown god.
  2730 | D:3      | Noticed Ijyb
  2747 | D:3      | Killed Ijyb
  2848 | D:3      | Found a hide-covered altar of Uskayaw.
  2967 | D:3      | Found a runed translucent door.
  2968 | D:3      | Noticed Crazy Yiuf
  2986 | D:3      | Found Dohiucix's Antique Armour Boutique.
  3110 | D:4      | Reached XP level 7. HP: 35/35 MP: 11/11
  3128 | D:4      | Learned a level 3 spell: Portal Projectile
  3248 | D:3      | Reached skill level 1 in Translocations
  3384 | D:5      | Entered Level 5 of the Dungeon
  3469 | D:5      | Noticed Duvessa
  3519 | D:5      | Killed Duvessa
  3585 | D:5      | Noticed Dowan
  3592 | D:5      | Killed Dowan
  3621 | D:5      | Found a shimmering altar of Xom.
  3706 | D:5      | Noticed Edmund
  3755 | D:5      | Killed Edmund
  3894 | D:5      | Reached XP level 8. HP: 40/40 MP: 12/12
  4010 | D:5      | Found a transporter.
  4030 | D:5      | Found a transporter.
  4092 | D:5      | Noticed Blork the orc
  4114 | D:5      | Killed Blork the orc
  4476 | D:3      | Bought a glowing shortbow for 126 gold pieces
  4655 | D:3      | Bought a potion of curing for 39 gold pieces
  4691 | D:4      | Found a transporter.
  4691 | D:4      | Noticed TobyConnect's ghost (amateur DsSh)
  5040 | D:4      | Found a transporter.
  5727 | D:5      | Reached XP level 9. HP: 36/46 MP: 10/13
  5951 | D:6      | Reached skill level 5 in Fighting
  6018 | D:6      | Found a runed translucent door.
  6029 | D:6      | Noticed NigelTetley's ghost (novice SpBr)
  6136 | D:6      | Killed NigelTetley's ghost
  6190 | D:6      | Found a runed translucent door.
  6638 | D:7      | Reached skill level 10 in Ranged Weapons
  6947 | D:7      | Reached skill level 1 in Stealth
  6960 | D:7      | Reached XP level 10. HP: 50/53 MP: 12/14
  7860 | D:7      | Found a staircase to the Ecumenical Temple.
  7871 | Temple   | Entered the Ecumenical Temple
  7888 | Temple   | Became a worshipper of Warmaster Okawaru
  7926 | D:8      | You fall into a shaft and drop 1 floor!
  7929 | D:9      | Noticed Grum
  7956 | D:9      | Killed Grum
  8012 | D:9      | Found a staircase to the Lair.
  8032 | D:9      | Noticed a gargoyle
  8096 | D:10     | Entered Level 10 of the Dungeon
  8168 | D:9      | Reached skill level 10 in Dodging
  8327 | D:8      | Reached * piety under Okawaru
  8410 | D:8      | Identified the +5 rapier of Evolution {venom, Str+9}
  8488 | D:8      | Noticed a two-headed ogre
  8529 | D:8      | Killed a two-headed ogre
  8530 | D:8      | Reached skill level 5 in Stealth
  8550 | D:8      | Reached ** piety under Okawaru
  8668 | D:8      | Found a hazy altar of Hepliaklqana.
  8669 | D:8      | Found a shimmering blue altar of Sif Muna.
  8669 | D:8      | Found an ornate altar of the Wu Jian Council.
  8669 | D:8      | Found a shadowy altar of Dithmenos.
  8670 | D:8      | Found a basalt altar of Yredelemnul.
  8670 | D:8      | Found a stormy altar of Qazlal.
  8671 | D:8      | Found a sacrificial altar of Ru.
  8671 | D:8      | Found a radiant altar of Vehumet.
  8671 | D:8      | Found an opulent altar of Gozag.
  8673 | D:8      | Found a broken altar of Ashenzari.
  8673 | D:8      | Found a sparkling altar of Nemelex Xobeh.
  8673 | D:8      | Found a snail-covered altar of Cheibriados.
  8729 | D:8      | Found a glowing golden altar of the Shining One.
  8939 | D:9      | Killed a gargoyle
  9117 | D:9      | Reached XP level 11. HP: 58/58 MP: 15/15
  9121 | D:9      | Reached skill level 1 in Evocations
  9184 | D:9      | Reached *** piety under Okawaru
  9222 | D:9      | Found an ancient bone altar of Kikubaaqudgha.
  9343 | D:9      | Reached skill level 2 in Evocations
  9616 | D:9      | Reached skill level 3 in Evocations
  9623 | D:9      | Reached **** piety under Okawaru
 11086 | Lair:1   | Entered Level 1 of the Lair of Beasts
 11204 | Lair:1   | Noticed Amaemon
 11242 | Lair:1   | Killed Amaemon
 11242 | Lair:1   | Reached ***** piety under Okawaru
 11368 | D:9      | Identified 2 scrolls of acquirement
 11371 | D:9      | Acquired a manual of Fighting
 11376 | D:9      | Acquired the ring "Acojidgh" {rElec rCorr Int+3}
 11460 | Lair:1   | Received a gift from Okawaru
 11547 | Lair:1   | Reached XP level 12. HP: 65/65 MP: 16/16
 12026 | Lair:1   | Learned a level 2 spell: Wereblood
 12030 | Lair:1   | Learned a level 3 spell: Inner Flame
 12417 | Lair:2   | Reached skill level 10 in Fighting
 12434 | Lair:2   | Reached skill level 1 in Transmutations
 12772 | Lair:2   | Found an opulent altar of Gozag.
 12826 | Lair:2   | Noticed a four-headed hydra
 12829 | Lair:2   | Killed a four-headed hydra
 12830 | Lair:2   | Reached skill level 4 in Evocations
 12852 | Lair:2   | Reached ****** piety under Okawaru
 13079 | Lair:2   | Received a gift from Okawaru
 13090 | Lair:2   | Found a staircase to the Snake Pit.
 13365 | Lair:3   | Reached skill level 5 in Hexes
 13474 | Lair:3   | Noticed Sonja
 13477 | Lair:3   | Killed Sonja
 13727 | Lair:3   | Found a staircase to the Swamp.
 13739 | Lair:3   | Reached skill level 5 in Evocations
 13739 | Lair:3   | Reached XP level 13. HP: 69/74 MP: 20/20
 14361 | Lair:4   | Acquired 1115 gold pieces
 14496 | Lair:4   | Identified the +0 buckler "Tysugres" {rC+ Int-2 Dex+4
                  | Slay+3} (Okawaru gifted it to you on level 4 of the Lair of
                  | Beasts)
 14496 | Lair:4   | Received a gift from Okawaru
 14616 | Lair:4   | Reached skill level 1 in Shields
 15105 | Lair:5   | Entered Level 5 of the Lair of Beasts
 15165 | Lair:5   | Reached skill level 1 in Invocations
 15257 | Lair:5   | Noticed Urug
 15307 | Lair:5   | Killed Urug
 15815 | Lair:5   | Identified the +2 robe "Femah" {rElec Dex+5 Slay-3
                  | Archmagi} (Okawaru gifted it to you on level 5 of the Lair
                  | of Beasts)
 15815 | Lair:5   | Received a gift from Okawaru
 16040 | Lair:5   | Reached XP level 14. HP: 82/82 MP: 21/21
 16129 | Lair:5   | Found a viscous altar of Jiyva.
 16129 | Lair:5   | Found a staircase to the Slime Pits.
 16337 | Lair:5   | Identified the +8 spear of Suefotic {speed, rPois rF+ MP+9
                  | Dex+2}
 16340 | Lair:5   | Acquired 887 gold pieces
 16693 | D:11     | Reached skill level 15 in Dodging
 17010 | D:11     | Reached skill level 15 in Ranged Weapons
 17518 | D:12     | Found Uhakysimidi's Distillery.
 17600 | D:12     | Bought a potion of cancellation for 112 gold pieces
 17600 | D:12     | Bought a potion of invisibility for 112 gold pieces
 17601 | D:12     | Acquired 1271 gold pieces
 17615 | D:12     | Acquired 872 gold pieces
 17619 | D:12     | Bought a potion of heal wounds for 70 gold pieces
 17619 | D:12     | Bought a potion of haste for 140 gold pieces
 17619 | D:12     | Bought a potion of heal wounds for 70 gold pieces
 17894 | D:12     | Identified the +4 hand axe of Filopoch {freeze, rCorr Str+8
                  | Int-5 Dex-4} (Okawaru gifted it to you on level 12 of the
                  | Dungeon)
 17894 | D:12     | Received a gift from Okawaru
 18092 | D:12     | Found a staircase to the Orcish Mines.
 18455 | Orc:1    | Entered Level 1 of the Orcish Mines
 18455 | Orc:1    | Noticed Erolcha
 18459 | Orc:1    | Killed Erolcha
 18686 | Orc:1    | Reached skill level 6 in Evocations
 18841 | Orc:2    | Entered Level 2 of the Orcish Mines
 18857 | Orc:2    | Reached skill level 5 in Invocations
 19006 | Orc:2    | Reached skill level 7 in Evocations
 19188 | Orc:2    | Received a gift from Okawaru
 19194 | Orc:2    | Reached skill level 8 in Evocations
 19259 | Orc:2    | Found Rahae's Magic Scroll Shoppe.
 19259 | Orc:2    | Found Quxedwet's Jewellery Boutique.
 19259 | Orc:2    | Found Egorghuub's Book Boutique.
 19259 | Orc:2    | Found Keaso's Armour Emporium.
 19265 | Orc:2    | Bought a scroll of identify for 36 gold pieces
 19265 | Orc:2    | Bought a scroll of fog for 72 gold pieces
 19273 | Orc:2    | Bought a scroll of identify for 36 gold pieces
 19289 | Orc:2    | Bought a scroll of enchant weapon for 135 gold pieces
 19289 | Orc:2    | Bought a scroll of teleportation for 54 gold pieces
 19289 | Orc:2    | Bought 2 scrolls of fear for 144 gold pieces
 19289 | Orc:2    | Bought a scroll of teleportation for 54 gold pieces
 19295 | Orc:2    | Bought a granite talisman for 1040 gold pieces
 19339 | Orc:2    | Reached skill level 1 in Shapeshifting
 19348 | Orc:2    | Found Wik Iff's Book Shoppe.
 19359 | Orc:2    | Found a staircase to the Elven Halls.
 19896 | D:3      | Bought a potion of heal wounds for 110 gold pieces
 19896 | D:3      | Bought 2 golden potions for 39 gold pieces
 19896 | D:3      | Bought 2 green potions for 39 gold pieces
 19896 | D:3      | Bought a fizzy blue potion for 19 gold pieces
 20053 | D:3      | Bought a potion of curing for 39 gold pieces
 20053 | D:3      | Bought a potion of resistance for 130 gold pieces
 20053 | D:3      | Bought a potion of curing for 39 gold pieces
 20053 | D:3      | Bought a potion of heal wounds for 65 gold pieces
 20053 | D:3      | Bought a potion of enlightenment for 65 gold pieces
 20053 | D:3      | Bought a potion of enlightenment for 65 gold pieces
 20053 | D:3      | Bought a potion of enlightenment for 65 gold pieces
 20303 | D:13     | Found Ilid's Distillery.
 20323 | D:13     | Reached XP level 15. HP: 55/88 MP: 14/22
 20425 | D:13     | Bought a potion of heal wounds for 80 gold pieces
 20595 | D:13     | Identified the +4 sling "Udiud" {heavy, Fragile rN+ rCorr
                  | Int+2}
 20666 | D:13     | Identified the scarf of Life {repulsion, Regen+ SInv}
                  | (Okawaru gifted it to you on level 13 of the Dungeon)
 20666 | D:13     | Received a gift from Okawaru
 20765 | D:13     | Found a gate to the Vaults.
 21008 | D:14     | Found a gate leading to a gauntlet.
 21019 | Gauntlet | Entered a Gauntlet
 21019 | Gauntlet | Found a transporter.
 21019 | Gauntlet | Found a transporter.
 21030 | Gauntlet | Found a transporter.
 21031 | Gauntlet | Found a transporter.
 21035 | Gauntlet | Found a runed translucent door.
 21035 | Gauntlet | Found a runed translucent door.
 21039 | Gauntlet | Found a transporter.
 21043 | Gauntlet | Found a transporter.
 21052 | Gauntlet | Found a transporter.
 21081 | Gauntlet | Found a transporter.
 21097 | Gauntlet | Found a transporter.
 21100 | Gauntlet | Found a transporter.
 21111 | Gauntlet | Found a transporter.
 21140 | Gauntlet | Found a transporter.
 21335 | Gauntlet | Identified the ring "Onkahaz" {rPois Str+5 Dex-3}
 21342 | Gauntlet | Identified the +4 orcbow "Isuof" {speed, rPois rC+++ Str-2
                  | Stlth-}
 21402 | D:14     | Noticed Roxanne
 21417 | D:14     | Killed Roxanne
 21418 | D:14     | Reached skill level 5 in Shapeshifting
 22008 | D:15     | Entered Level 15 of the Dungeon
 22051 | D:15     | Found a frozen archway.
 22057 | IceCv    | Entered an ice cave
 22540 | IceCv    | Noticed an Ice Fiend
 22540 | IceCv    | Noticed an Ice Fiend
 22681 | IceCv    | Killed an Ice Fiend
 22718 | IceCv    | Killed an Ice Fiend
 23114 | D:15     | Reached skill level 10 in Shapeshifting
 23129 | D:15     | Received a gift from Okawaru
 23226 | D:15     | Found a radiant altar of Vehumet.
 23415 | D:15     | Found a blossoming altar of Fedhas.
 23440 | D:15     | Received a gift from Okawaru
 23460 | D:15     | Found a staircase to the Depths.
 23493 | D:15     | Reached XP level 16. HP: 91/93 MP: 23/23
 24273 | Swamp:1  | Entered Level 1 of the Swamp
 24841 | Swamp:1  | Identified the +4 hand crossbow "Sahuriz" {flame, rN+}
                  | (Okawaru gifted it to you on level 1 of the Swamp)
 24841 | Swamp:1  | Received a gift from Okawaru
 24876 | Swamp:1  | Identified the +2 ring mail of Bitterness {Dex+3}
 25008 | Swamp:1  | Found a runed translucent door.
 25011 | Swamp:1  | Noticed Enogimy's ghost (journeyman SpHu)
 25278 | Swamp:1  | Killed Enogimy's ghost
 25699 | Swamp:2  | Noticed Donald
 25707 | Swamp:2  | Killed Donald
 25707 | Swamp:2  | Received a gift from Okawaru
 25768 | Swamp:2  | Reached skill level 15 in Shapeshifting
 26053 | Swamp:3  | Noticed a thorn hunter
 26056 | Swamp:3  | Killed a thorn hunter
 26400 | Swamp:3  | Reached XP level 17. HP: 97/97 MP: 24/24
 26417 | Swamp:3  | Acquired the ring "Odukhlougo" {rN++ rCorr MP-9 Str+2
                  | Int+6}
 26427 | Swamp:3  | Found an ancient bone altar of Kikubaaqudgha.
 26611 | Swamp:4  | Entered Level 4 of the Swamp
 26694 | Swamp:4  | Identified the +2 robe of Fafonkau {rC- Str+2 Slay+3}
                  | (Okawaru gifted it to you on level 4 of the Swamp)
 26694 | Swamp:4  | Received a gift from Okawaru
 26711 | Swamp:4  | Noticed Aizul
 26718 | Swamp:4  | Killed Aizul
 26851 | Swamp:4  | Noticed a tentacled monstrosity
 26858 | Swamp:4  | Killed a tentacled monstrosity
 26964 | Swamp:4  | Got a decaying rune of Zot
 27608 | Snake:1  | Entered Level 1 of the Snake Pit
 27784 | Snake:1  | Reached skill level 9 in Evocations
 27784 | Snake:1  | Reached XP level 18. HP: 102/102 MP: 24/26
 27785 | Snake:1  | Reached skill level 5 in Spellcasting
 27785 | Snake:1  | Reached skill level 10 in Evocations
 27785 | Snake:1  | Reached XP level 19. HP: 107/107 MP: 24/28
 28315 | Snake:2  | Identified the +11 quarterstaff "Vuuma" {spect, rElec
                  | Stlth+} (Okawaru gifted it to you on level 2 of the Snake
                  | Pit)
 28315 | Snake:2  | Received a gift from Okawaru
 28573 | Snake:2  | Acquired 616 gold pieces
 28714 | Snake:2  | Identified the +1 cloak of Weightlessness {Dex+2} (Okawaru
                  | gifted it to you on level 2 of the Snake Pit)
 28714 | Snake:2  | Received a gift from Okawaru
 29223 | Snake:3  | Noticed Jorgrun
 29229 | Snake:3  | Killed Jorgrun
 29292 | Snake:3  | Found a sparkling altar of Nemelex Xobeh.
 29648 | Snake:3  | Reached XP level 20. HP: 112/112 MP: 31/31
 30145 | Snake:4  | Entered Level 4 of the Snake Pit
 30448 | Snake:4  | Noticed Nikola
 30459 | Snake:4  | Killed Nikola
 30480 | Snake:4  | Reached skill level 15 in Fighting
 30561 | Snake:4  | Identified the +8 flail "Legoit" {elec, rElec rPois Int-3
                  | Dex+3}
 30657 | Snake:4  | Received a gift from Okawaru
 30691 | Snake:4  | Noticed Vashnia
 30699 | Snake:4  | Killed Vashnia
 30862 | Snake:4  | Got a serpentine rune of Zot
 30941 | Snake:4  | Found a runed translucent gate.
 30943 | Snake:4  | Found a runed translucent gate.
 30943 | Snake:4  | Found an opulent altar of Gozag.
 30944 | Snake:4  | Found a runed translucent gate.
 30944 | Snake:4  | Noticed floatRand's ghost (adept DrSh)
 30946 | Snake:4  | Found Gunweh's Assorted Antiques.
 30990 | Snake:4  | Killed floatRand's ghost
 31014 | Snake:4  | Bought a potion of curing for 96 gold pieces
 31545 | Vaults:1 | Entered Level 1 of the Vaults
 31603 | Vaults:1 | Received a gift from Okawaru
 31830 | Vaults:1 | Found the +6 arbalest "Damnation" {damnation}
 31843 | Vaults:1 | Identified the +12 arbalest of Cexurifa {penet, rN+++}
 32476 | Vaults:2 | Received a gift from Okawaru
 32662 | Vaults:2 | Reached XP level 21. HP: 119/119 MP: 34/34
 33381 | Vaults:2 | Found Edurus Xuwu's Weapon Shop.
 33535 | Vaults:2 | Reached skill level 10 in Stealth
 33667 | Vaults:2 | Found Mofiuhe's Jewellery Shop.
 33672 | Vaults:2 | Bought the amulet "Nuid" {Spirit Fly rElec Slay+3} for 1174
                  | gold pieces
 33692 | Vaults:2 | Bought a ring of protection from cold for 500 gold pieces
 33885 | Vaults:3 | Found a magical portal.
 33898 | WizLab   | Entered Alistair's Party Mansion
 33961 | WizLab   | Identified the scarf "Kyof" {harm, Will- Int+6 Dex+2}
                  | (Okawaru gifted it to you in a wizard's laboratory)
 33961 | WizLab   | Received a gift from Okawaru
 34131 | WizLab   | Reached XP level 22. HP: 126/126 MP: 35/35
 34175 | WizLab   | Acquired the ring "Dususasch" {rC+ EV+5 Str+3}
 34777 | Vaults:3 | Found a staircase to the Crypt.
 35921 | Vaults:4 | Noticed Jory
 35929 | Vaults:4 | Killed Jory
 35929 | Vaults:4 | Received a gift from Okawaru
 36013 | Vaults:4 | Noticed Zenata
 36213 | Vaults:4 | Killed Zenata
 36765 | Depths:1 | Entered Level 1 of the Depths
 36830 | Depths:1 | Reached XP level 23. HP: 131/131 MP: 36/36
 36874 | Depths:1 | Noticed Mara
 36881 | Depths:1 | Noticed motkuripss's illusion
 36887 | Depths:1 | Killed Mara
 37291 | Depths:1 | Reached skill level 5 in Shields
 37292 | Depths:1 | Received a gift from Okawaru
 37367 | Depths:1 | Identified the +10 trident of Ywnuel {venom, Will+ Str+3}
 37747 | Depths:1 | Found a gateway to Hell.
 38046 | Depths:2 | Noticed Vv
 38069 | Depths:2 | Noticed a caustic shrike
 38070 | Depths:2 | Killed Vv
 38240 | Depths:2 | Found Roazuzy's Distillery.
 38248 | Depths:2 | Bought a potion of resistance for 190 gold pieces
 38248 | Depths:2 | Bought 3 potions of resistance for 570 gold pieces
 38248 | Depths:2 | Bought 2 potions of haste for 380 gold pieces
 38332 | Depths:2 | Killed a caustic shrike
 38776 | Depths:2 | Found a one-way gate leading to the halls of Pandemonium.
 39053 | Depths:3 | Found a transporter.
 39119 | Depths:3 | Found a one-way gate to the infinite horrors of the Abyss.
 39180 | Depths:3 | Found a transporter.
 39524 | Depths:3 | Found a transporter.
 39524 | Depths:3 | Found a viscous altar of Jiyva.
 39732 | Depths:4 | Entered Level 4 of the Depths
 39918 | Depths:4 | Noticed a juggernaut
 39918 | Depths:4 | Noticed a juggernaut
 40002 | Depths:4 | Noticed a caustic shrike
 40002 | Depths:4 | Noticed a caustic shrike
 40002 | Depths:4 | Noticed a caustic shrike
 40006 | Depths:4 | Killed a caustic shrike
 40006 | Depths:4 | Killed a caustic shrike
 40011 | Depths:4 | Killed a caustic shrike
 40078 | Depths:4 | Found a one-way gateway to a ziggurat.
 40086 | Depths:4 | Received a gift from Okawaru
 40226 | Depths:4 | Found a gate to the Realm of Zot.
 40294 | Depths:4 | Reached skill level 10 in Invocations
 40374 | Depths:4 | Reached XP level 24. HP: 141/141 MP: 34/36
 41049 | Depths:4 | Voluntarily entered the Abyss.
 41060 | Abyss:1  | Found a corrupted altar of Lugonu.
 41408 | Abyss:1  | Found a corrupted altar of Lugonu.
 41437 | Abyss:1  | Found a corrupted altar of Lugonu.
 41438 | Abyss:1  | Found a corrupted altar of Lugonu.
 41438 | Abyss:1  | Found a corrupted altar of Lugonu.
 41885 | Abyss:1  | Found a corrupted altar of Lugonu.
 41886 | Abyss:1  | Found a blossoming altar of Fedhas.
 42177 | Abyss:3  | Found a corrupted altar of Lugonu.
 42236 | Abyss:3  | Found a corrupted altar of Lugonu.
 42521 | Abyss:3  | Received a gift from Okawaru
 42536 | Abyss:3  | Paralysed by accursed screaming for 1 turns
 42679 | Abyss:3  | Paralysed by accursed screaming for 2 turns
 42775 | Abyss:3  | Gained mutation: You have hidden genetic defects. [a
                  | neqoxec]
 42855 | Abyss:3  | Reached skill level 11 in Evocations
 42958 | Abyss:3  | Identified the +2 hand crossbow of Equivalence {drain,
                  | rElec} (Okawaru gifted it to you on level 3 of the Abyss)
 42958 | Abyss:3  | Received a gift from Okawaru
 43085 | Abyss:3  | Reached skill level 12 in Evocations
 43104 | Abyss:3  | Got an abyssal rune of Zot
 43191 | Depths:4 | Escaped the Abyss
 43213 | Zot:1    | Entered Level 1 of the Realm of Zot
 43302 | Zot:1    | Reached skill level 13 in Evocations
 43302 | Zot:1    | Reached XP level 25. HP: 149/149 MP: 36/36
 43305 | Zot:1    | Gained mutation: You are dopey. (Int -2) [hidden defects]
 43647 | Zot:1    | Reached skill level 14 in Evocations
 44347 | Zot:1    | Reached skill level 15 in Evocations
 44372 | Zot:2    | Identified the +3 buckler of Untruth {Str+2 Dex+2} (Okawaru
                  | gifted it to you on level 2 of the Realm of Zot)
 44372 | Zot:2    | Received a gift from Okawaru
 44490 | Zot:3    | Reached skill level 16 in Evocations
 44526 | Zot:3    | Gained mutation: You are vulnerable to cold. (rC-) [hidden
                  | defects]
 44526 | Zot:3    | Lost mutation: You have hidden genetic defects. [hidden
                  | defects expressed]
 44642 | Zot:2    | Identified the ring "Ninarut" {Ice *Slow +Blink Will+
                  | Dex+6}
 44642 | Zot:2    | Noticed Josephina
 44753 | Zot:4    | Noticed a Killer Klown
 44766 | Zot:4    | Killed a Killer Klown
 44769 | Zot:4    | Reached skill level 17 in Evocations
 44806 | Zot:5    | Entered Level 5 of the Realm of Zot
 45152 | Zot:5    | Noticed an ancient lich
 45159 | Zot:5    | Noticed an orb of fire
 45160 | Zot:5    | Killed an ancient lich
 45160 | Zot:5    | Noticed an orb of fire
 45175 | Zot:5    | Noticed an orb of fire
 45175 | Zot:5    | Killed an orb of fire
 45176 | Zot:5    | Reached skill level 18 in Evocations
 45177 | Zot:5    | Killed an orb of fire
 45177 | Zot:5    | Identified the +0 hat of the Candlemaker {Fly rPois Dex-5}
                  | (Okawaru gifted it to you on level 5 of the Realm of Zot)
 45177 | Zot:5    | Received a gift from Okawaru
 45178 | Zot:5    | Noticed a Killer Klown
 45182 | Zot:5    | Killed an orb of fire
 45184 | Zot:5    | Noticed an ancient lich
 45187 | Zot:5    | Noticed an orb of fire
 45188 | Zot:5    | Noticed an ancient lich
 45188 | Zot:5    | Noticed a Killer Klown
 45190 | Zot:5    | Noticed a Killer Klown
 45193 | Zot:5    | Reached skill level 19 in Evocations
 45195 | Zot:5    | Killed an orb of fire
 45195 | Zot:5    | Killed a Killer Klown
 45199 | Zot:5    | Killed an ancient lich
 45201 | Zot:5    | Killed a Killer Klown
 45214 | Zot:5    | Reached skill level 20 in Evocations
 45348 | Zot:5    | Killed an ancient lich
 45349 | Zot:5    | Reached skill level 21 in Evocations
 45349 | Zot:5    | Reached XP level 26. HP: 155/156 MP: 13/36
 45581 | Zot:5    | Got the Orb of Zot
 45631 | Zot:5    | Reached skill level 22 in Evocations
 45687 | Zot:5    | Identified the +0 robe of Xieg {Rampage Drain Will+ Regen+}
                  | (Okawaru gifted it to you on level 5 of the Realm of Zot)
 45687 | Zot:5    | Received a gift from Okawaru
 46083 | D:10     | Reached skill level 23 in Evocations
 46314 | D:$      | Escaped with the Orb!

Illustrated notes

Levels and vault maps discovered:
D:1:      erik_arrival_cave_to_civilisation [erik_arrival_cave_to_hall],
          layout_basic, serial_aquarium, aquarium_bridge_long_separate
          [aquarium_subvault_bridge, aquarium_subvault_balcony,
          aquarium_subvault_wall, aquarium_subvault_wall,
          aquarium_subvault_window, aquarium_subvault_bridge],
          aquarium_window_corner, aquarium_window_corner, aquarium_window_1,
          aquarium_view_2b, aquarium_balcony_3a, minmay_hexomino_f4
D:2:      layout_loops_ring, serial_aquarium, aquarium_bridge_straight
          [aquarium_subvault_bridge, aquarium_subvault_balcony,
          aquarium_subvault_bridge, aquarium_subvault_window],
          aquarium_window_corner, aquarium_window_corner, aquarium_window_fake,
          aquarium_window_corner, aquarium_view_2d, aquarium_view_2d,
          minmay_ruptured, uniq_jessica, uniq_sigmund
D:3:      layout_loops_corners, marbit_many_paths, basic_ecumenical_altar,
          serial_shops, shop, shop, shop_statue,
          nicolae_shop_tiny_statue_garden, uniq_ijyb, uniq_crazy_yiuf_cottage,
          uniq_terence
D:4:      layout_rooms, serial_rivers, chequers_serial_rivers_room_b,
          chequers_serial_rivers_micro_c, chequers_serial_rivers_micro_b,
          chequers_serial_rivers_large_a, gammafunk_ghost_arena
D:5:      gammafunk_steamed_eel, layout_basic, mainiacjoe_overflow_chevrons,
          serial_curves, eino_curves_02, eino_curves_02, uniq_blork_the_orc,
          uniq_duvessa, uniq_edmund
D:6:      layout_rooms, ebering_ghost_sewer_f, grunt_ministairs_12,
          hangedman_decor_slide_cut
D:7:      layout_basic, minmay_temple_entry_poolview
D:8:      layout_rooms, nicolae_overflows_in_rows, kennysheep_mini_moat,
          hangedman_abyss_or_decor_stagger
D:9:      layout_gridville, kiku_gazebo_garden_becter, erik_lair_island,
          uniq_grum
D:10:     layout_loops_corners, kennysheep_generic_room_6
D:11:     layout_basic, serial_corexii_hall, corexii_hall_statues_x,
          corexii_hall_statues_i
D:12:     layout_basic, orc_0_dummy, serial_shops, nicolae_stop_n_shop_1
D:13:     minmay_bubble_buster, layout_rooms,
          hellmonk_vaults_attempted_burglary, serial_shops, nicolae_diamond_shop
D:14:     layout_rooms, gauntlet_entry_generic, lemuel_flame_loot_1,
          uniq_roxanne
D:15:     grunt_enter_depths_magical_seal, layout_basic, fedhas_altar_1,
          portal_ice_cave_entry_horrid_things, nicolae_vehumet_altar_sigil
Temple:   nicolae_temple_stand_before_the_council
Lair:1:   layout_small_grid, gammafunk_lair_bear_cave, uniq_amaemon
Lair:2:   statuecave_lemuel, layout_chaotic_city, nicolae_snake_entry_squirm,
          basic_altar, st_stairs_3, kennysheep_abandoned_house
Lair:3:   layout_hall_layers, minmay_swamp_entry_worms,
          amcnicky_mini_pool_medium, uniq_sonja
Lair:4:   nzn_motion_control, layout_hall_layers, kennysheep_catoblepas_arena
Lair:5:   grunt_lair_end_beastmaster, layout_regular_city, slime_entry_1,
          grunt_forest_large_clearings, uniq_urug
Swamp:1:  nicolae_swamp_wrong_neighborhood, layout_basic_swamp,
          hellmonk_ghost_happy_afterlife, serial_swamp_ruin,
          evilmike_swamp_ruin_rubble_1, hangedman_swamp_ruin_wall,
          evilmike_swamp_ruin_rubble_2, swamp_pool5, nicolae_swamp_little_swirl
Swamp:2:  layout_basic_swamp, hangedman_swamp_cone, uniq_donald
Swamp:3:  layout_basic_swamp, evilmike_swamp_ruin_house_2, grunt_ruined_hall
Swamp:4:  swamp_vile, layout_basic_swamp, roderic_carrion_pond, uniq_aizul
Snake:1:  layout_rooms, serial_bayou_shore_a, lemuel_fruit_tree
Snake:2:  layout_basic
Snake:3:  layout_grid_maze, basic_altar, uniq_jorgrun
Snake:4:  johnstein_snake_rune_scales, layout_cave_town, ebering_ghost_gozag,
          uniq_nikola
Orc:1:    layout_caves, uniq_erolcha
Orc:2:    st_orc_ogre_mass, layout_caves, serial_shops, shop
Vaults:1: vaults_room_semicircle, nicolae_vaults_trapezoid_4,
          nicolae_vaults_network_barrier, nicolae_vaults_yaktaur_gun_rack,
          v_misc_17, nicolae_vaults_alarming, nicolae_vaults_little_squares_1,
          hangedman_vaults_stream, nicolae_vaults_tetromino_L_1,
          nicolae_vaults_diamond_1, nicolae_vaults_storage_room_water,
          v_misc_27, vaults_mumra_chevron, layout_vaults_maze_snakey
Vaults:2: hangedman_vaults_cutoff, nicolae_vaults_taking_the_gang_shopping,
          dpeg_vaults_monster_box, nicolae_vaults_heart-shaped_vault,
          layout_vaults_omnigrid, serial_shops, nicolae_shop_trees
Vaults:3: infiniplex_enter_wizlab_water, nicolae_vaults_weapon_check,
          nicolae_vaults_closet_pinwheel_3, nicolae_vaults_network_periphery,
          v_alt_pattern_2, minmay_crypt_entry_simple_sparse,
          vaults_mumra_hexcomb, vaults_mumra_hex, ontoclasm_vaults_ring_large,
          nicolae_vaults_tetromino_T_2, nicolae_vaults_variable_pillar_hall,
          layout_vaults_ring
Vaults:4: v_misc_12, nicolae_vaults_surprise_closet_hard, ontoclasm_vaults_spin,
          nicolae_vaults_trapezoid_lopsided_3, ontoclasm_vaults_ring_small,
          nicolae_vaults_sesquioval_fish, grunt_vaults_twisty,
          nicolae_vaults_ring_of_whatevers, hangedman_vaults_trim,
          layout_vaults_big_room, uniq_zenata, uniq_jory
Depths:1: layout_gridlike, hellmouth_3, nicolae_concentric_dashed_squares_mild,
          serial_rivers, chequers_serial_rivers_micro_c,
          chequers_serial_rivers_room_b, chequers_serial_rivers_micro_d,
          chequers_serial_rivers_small_3, chequers_serial_rivers_micro_e,
          chequers_serial_rivers_micro_b, kennysheep_generic_room_9, uniq_mara
Depths:2: minmay_cut_squares, layout_twisted_cross,
          infiniplex_staircase_pillars_3b, rand_demon_pan_entry_4, hell_entry,
          serial_shops, nicolae_shop_advertising_works
          [nicolae_subvault_shop_adworks], uniq_vv
Depths:3: gammafunk_jiyva_shrine, layout_long_grid, grunt_hell_entry_dis_mu,
          marbit_kobold_abyss_entry, nicolae_diode_basic,
          infiniplex_staircase_zigzag_1, serial_bayou_shore_b,
          serial_bayou_shore_b
Depths:4: grunt_zot_entry_funnels, layout_gridlike, enter_ziggurat_f,
          hell_entry, abyss_entry, hangedman_abyss_or_decor_passed,
          grunt_megastairs_2
Zot:1:    nicolae_moth_party, layout_concentric_octagons
Zot:2:    layout_gridlike, uniq_josephina
Zot:3:    layout_cellular_growth, hangedman_zot_wheel_spokes,
          grunt_ministairs_11
Zot:4:    layout_gridville, lemuel_elevator
Zot:5:    layout_basic

Skill      XL: |  1  2  3  4  5  6  7  8  9 10 11 12 13 14 15 16 17 18 19 20 21 22 23 24 25 26 |
---------------+-------------------------------------------------------------------------------+-----
Fighting       | 1 2 3 4 5 6 8 11 13 14 16 17 19 21 22 | 22.0
Dodging        | 3 4 5 6 7 9 10 12 13 14 15 16 18 22 | 22.0
Hexes          | 4 5 |  5.0
Spellcasting   | 2 4 5 7 8 |  8.0
Ranged Weapons | 4 5 6 8 10 11 13 14 15 16 17 19 20 21 22 | 22.0
Translocations | 3 4 |  4.0
Stealth        | 1 5 7 8 12 14 | 14.0
Evocations     | 3 5 8 9 10 13 21 23 | 23.3
Transmutations | 3 |  3.0
Shields        | 4 6 |  6.0
Invocations    | 3 6 8 10 14 | 14.0
Shapeshifting  | 1 11 15 | 15.0

Action                     |  1- 3 |  4- 6 |  7- 9 | 10-12 | 13-15 | 16-18 | 19-21 | 22-24 | 25-27 || total
---------------------------+-------+-------+-------+-------+-------+-------+-------+-------+-------++-------
  Melee: Sling             |     4 |       |       |       |       |       |       |       |       ||     4
         Dagger            |       |       |       |     7 |       |       |       |       |       ||     7
   Fire: Sling             |   145 |    82 |   167 |       |       |       |       |       |       ||   394
         Shortbow          |       |       |   331 |   701 |       |       |       |       |       ||  1032
         Hand crossbow     |       |       |       |   234 |  1014 |   631 |   928 |  1800 |       ||  4607
         Arbalest          |       |       |       |       |       |       |   112 |     8 |   483 ||   603
   Cast: Slow              |     6 |     1 |       |     1 |       |       |       |       |       ||     8
         Portal Projectile |       |       |       |     2 |     6 |     1 |     7 |    14 |     2 ||    32
         Wereblood         |       |       |       |     2 |       |       |       |       |       ||     2
         Inner Flame       |       |       |       |       |     2 |       |       |       |       ||     2
 Invoke: Heroism           |       |       |       |       |     2 |     2 |     7 |    12 |     4 ||    27
         Finesse           |       |       |       |       |     1 |     1 |     4 |     3 |     5 ||    14
  Evoke: Wand              |       |       |     6 |    11 |       |       |       |     5 |     5 ||    27
         Lightning rod     |       |       |       |     8 |     9 |     7 |       |     8 |       ||    32
         Condenser vane    |       |       |       |       |     3 |       |     2 |     2 |     1 ||     8
         Phial of floods   |       |       |       |       |       |       |       |     1 |       ||     1
    Use: Scroll            |     1 |       |     1 |     8 |    23 |     4 |     4 |     7 |     8 ||    56
         Potion            |     2 |       |       |     1 |     1 |     2 |     3 |     4 |     5 ||    18
   Stab: Paralysed         |       |       |       |     7 |       |       |       |       |       ||     7
 Armour: Robe              |     4 |     1 |    10 |     2 |    21 |     3 |       |       |       ||    41
         Steam dragon scal |       |       |       |    20 |     5 |       |       |       |       ||    25
         Skin              |       |       |       |       |       |   114 |   156 |   220 |    70 ||   560
  Dodge: Dodged            |    53 |    18 |   119 |   311 |   398 |   847 |  1548 |  2670 |   800 ||  6764
         Repelled          |       |       |       |       |     2 |     5 |    20 |    20 |    10 ||    57
  Block: Buckler           |       |       |       |       |   124 |   210 |   403 |   721 |       ||  1458
         Reflection        |       |       |       |       |       |       |     4 |       |       ||     4
   Form: Statue            |       |       |       |       |       |     1 |     1 |       |       ||     2
                           |       |       |       |       |       |       |     1 |       |       ||     1

Table legend: (Time is in decaauts)
 A = Elapsed time spent in this place.
 B = Non-inter-level travel time spent in this place.
 C = Inter-level travel time spent in this place.
 D = Time resting spent in this place.
 E = Time spent auto-exploring this place.
 F = Levels seen in this place.
 G = Mean time per level.
                   A        B        C        D        E       F      G
               +--------+--------+--------+--------+--------+-----+--------+
         Total |  50005 |  46182 |   3823 |    948 |  30343 |  50 | 1000.1 |
       Dungeon |  12363 |  10361 |   2002 |    383 |   6651 |  15 |  824.2 |
        Temple |     19 |     13 |      6 |      0 |      0 |   1 |   19.0 |
          Lair |   4135 |   3656 |    479 |    103 |   2251 |   5 |  827.0 |
         Swamp |   4493 |   4294 |    199 |     24 |   3010 |   4 | 1123.2 |
     Snake Pit |   5657 |   5451 |    206 |      0 |   4146 |   4 | 1414.2 |
  Orcish Mines |    939 |    897 |     42 |     97 |    455 |   2 |  469.5 |
        Vaults |   7021 |   6641 |    380 |    132 |   4833 |   4 | 1755.2 |
        Depths |   6716 |   6291 |    425 |      0 |   4731 |   4 | 1679.0 |
           Zot |   3763 |   3683 |     80 |    144 |   1812 |   5 |  752.6 |
         Abyss |   3198 |   3198 |      0 |      0 |   1661 |   3 | 1066.0 |
      Ice Cave |    756 |    756 |      0 |     64 |    412 |   1 |  756.0 |
        Wizlab |    698 |    698 |      0 |      0 |    361 |   1 |  698.0 |
      Gauntlet |    241 |    241 |      0 |      0 |     15 |   1 |  241.0 |
               +--------+--------+--------+--------+--------+-----+--------+

Top non-repeatable levels by time:
Depths:4: 2060 daAuts
Vaults:2: 2029 daAuts
Vaults:3: 1883 daAuts
   Zot:1: 1772 daAuts
Vaults:4: 1687 daAuts
 Snake:4: 1656 daAuts
Depths:1: 1619 daAuts
 Snake:2: 1613 daAuts
 Abyss:3: 1597 daAuts
Depths:2: 1589 daAuts
Depths:3: 1448 daAuts
 Snake:3: 1422 daAuts
 Swamp:4: 1421 daAuts
Vaults:1: 1420 daAuts
 Abyss:1: 1409 daAuts
